 Dungeon Crawl Stone Soup version 0.31-a0-1439-g542172135e (webtiles) character file.

Game seed: 11565962547656635882

7721 torrenera the Grappler (level 11, -2/117 HPs)
             Began as a Troll Monk on Dec 27, 2023.
             Was an Elder of Makhleb.
             Slain by a hellwing (3 damage)
             ... on level 9 of the Dungeon.
             The game lasted 00:18:29 (7080 turns).

torrenera the Grappler (Troll Monk)                 Turns: 7080, Time: 00:18:29

Health: -2/117     AC:  5    Str: 23    XL:     11   Next: 0%
Magic:  10/10      EV: 18    Int:  6    God:    Makhleb [****..]
Gold:   634        SH:  0    Dex: 14    Spells: 10/10 levels left

rFire   . .          .
                       - Unarmed
rCold   . . .        c - orb {light}
rNeg    . . .        a - +0 robe
rPois   .            (helmet restricted)
rElec   .            C - +0 cloak
rCorr   .            (gloves unavailable)
SInv    .            (boots unavailable)
Will    .....        (no amulet)
Stlth   +            r - +5 ring of evasion
HPRegen 1.19/turn    p - ring of flight
MPRegen 0.12/turn

%: no passive effects
@: mighty, weak-willed, spiked, flying, glowing, studying Long Blades
A: large, unfitting armour, claws 3, regeneration 1, shaggy fur 1, tough skin 1
a: Renounce Religion, Minor Destruction, Lesser Servant of Makhleb, Major
Destruction


You were on level 9 of the Dungeon.
You worshipped Makhleb.
Makhleb was greatly pleased with you.
You visited 2 branches of the dungeon, and saw 10 of its levels.

You collected 634 gold pieces.

Inventory:

Hand Weapons
 x - a +1 whip of flaming
 H - the +1 whip "Cimenov" {freeze, +Blink Fly Int-5}
   (You found it on level 6 of the Dungeon)

   Int-5:     It affects your intelligence (-5).
   Fly:       It grants you flight.
   +Blink:    It lets you blink.
Missiles
 i - 104 stones
 G - 6 atropa-tipped darts
 I - 2 throwing nets
Armour
 a - a +0 robe (worn)
 c - an orb of light (worn)
 y - an orb of light
 C - a +0 cloak (worn)
Magical Staves
 J - a staff of conjuration
Jewellery
 p - a ring of flight (right claw)
 r - a +5 ring of evasion (left claw)
Talismans
 d - a flux talisman
Wands
 z - a wand of flame (37)
 K - a wand of mindburst (9)
 M - a wand of roots (14)
 N - a wand of paralysis (7)
Scrolls
 g - 2 scrolls of noise {unknown}
 h - 2 scrolls of immolation
 o - 2 scrolls of vulnerability
 s - 3 scrolls of fear
 t - 3 scrolls of blinking {unknown}
 w - a scroll of enchant weapon {unknown}
 A - a scroll of brand weapon {unknown}
 B - 2 scrolls of fog {unknown}
 D - a scroll of silence {unknown}
 F - a scroll of amnesia
 O - a scroll of poison {unknown}
Potions
 b - a potion of ambrosia
 e - 3 potions of enlightenment
 f - 3 potions of attraction
 j - 2 potions of curing
 k - 2 potions of berserk rage
 l - a potion of cancellation
 v - a potion of might
 L - 2 potions of resistance


   Skills:
 - Level 10.0 Fighting
 + Level 7.5 Dodging
 - Level 10.0 Unarmed Combat
 + Level 0.3 Invocations


You had 10 spell levels left.
You didn't know any spells.
Your spell library contained the following spells:

 Spells                   Type           Power      Damage    Failure   Level
 Necrotise                Necr           0%         1d4       45%         1
 Call Imp                 Summ           0%         N/A       58%         2
 Ensorcelled Hibernation  Hex/Ice        0%         N/A       58%         2
 Lesser Beckoning         Tloc           0%         N/A       58%         2
 Sublimation of Blood     Necr           0%         N/A       58%         2
 Gell's Gravitas          Tloc           0%         N/A       83%         3
 Passwall                 Erth           0%         N/A       83%         3
 Swiftness                Air            0%         N/A       83%         3
 Teleport Other           Tloc           0%         N/A       83%         3
 Vampiric Draining        Necr           0%         2d6       83%         3
 Martyr's Knell           Necr/Summ      0%         N/A       99%         4
 Curse of Agony           Necr           0%         N/A       100%        5
 Summon Hydra             Summ           0%         N/A       100%        7


Dungeon Overview and Level Annotations

Branches:
Dungeon (9/15)             Temple (0/1) D:5            Lair (1/5) D:8
    Orc: D:9-12

Altars:
Fedhas
Makhleb
Nemelex Xobeh
Okawaru
Qazlal
Ru
Sif Muna
Uskayaw
Wu Jian
Xom
Yredelemnul
The Shining One

Annotations:
Lair:1 Jeremiah


Innate Abilities, Weirdness & Mutations

You are too large for most types of armour.
You have claws for hands.
Your natural rate of healing is unusually fast.
You are covered in fur. (AC +1)
You have tough skin. (AC +1)


Message History

The hellwing closely misses you. The hellwing barely misses you.
The hellwing hits you!
* * * LOW HITPOINT WARNING * * *
You scratch the hellwing but do no damage.
The hellwing is severely wounded.
The red devil hits you from afar with a +0 trident.
* * * LOW HITPOINT WARNING * * *
Barbed spikes become lodged in your body.
The hellwing closely misses you. The hellwing misses you.
The hellwing barely misses you.
The hellwing hits you but does no damage.
As you read the scroll labelled WOSIRA QUONULE, it crumbles to dust.
A wave of despondency washes over your surroundings.
It was a scroll of vulnerability.
The red devil hits you from afar with a +0 trident.
* * * LOW HITPOINT WARNING * * *
Barbed spikes become lodged in your body.
The hellwing misses you. The hellwing closely misses you. x2
The hellwing completely misses you.
You feel much better.
The red devil hits you from afar with a +0 trident!!
* * * LOW HITPOINT WARNING * * *
Barbed spikes become lodged in your body.
The hellwing hits you but does no damage.
The hellwing hits you.
* * * LOW HITPOINT WARNING * * *
The hellwing closely misses you. The hellwing misses you.
You feel much better. The red devil misses you. The hellwing misses you.
The hellwing hits you!
* * * LOW HITPOINT WARNING * * *
The hellwing completely misses you. The hellwing hits you.
* * * LOW HITPOINT WARNING * * *
As you read the scroll labelled XOOCUQ SIEH UPLO, it crumbles to dust.
It is a scroll of amnesia.
You feel forgetful for a moment.
The red devil hits you from afar with a +0 trident!
* * * LOW HITPOINT WARNING * * *
Barbed spikes become lodged in your body.
The hellwing barely misses you. The hellwing hits you.
You die...

#...# # #...#.#
......# .. ... #
.#.##.#
...###.(.(.(4#####
#.Y.<(..h...oo4.#
#..#Y(#.#...###4#
... ...# ##.# #@#
## .#... ... #4#
..#Y##.## #.# !.
.....# #.# #.# #..
. ##>## #. ##. ..
#...# ##..# ##.#
#.##


You could see 2 hellwings and a red devil (weak-willed).

Vanquished Creatures
  Pikel (D:4)
  Joseph (D:7)
  A hornet (D:8)
  Sigmund (D:2)
  A wraith (D:9)
  A shadow (D:8)
  4 yaks (D:9)
  A wyvern (D:8)
  Eustachio (D:4)
  A basilisk (Lair:1)
  Menkaure (D:5)
  An acid dragon (D:9)
  2 water moccasins (Lair:1)
  5 ice beasts
  3 orc warriors
  A black bear (D:4)
  4 ogres
  A lemure (D:4)
  2 phantoms
  2 centaurs
  7 wolves
  2 kobold brigands
  2 bullfrogs
  4 gnoll sergeants
  3 scorpions
  7 wights
  An electric eel (D:5)
  6 howler monkeys
  A bombardier beetle (D:7)
  A centaur zombie (D:5)
  4 hounds
  2 jellies
  6 orc priests
  A gnoll bouda (D:5)
  Natasha (twice) (D:3)
  3 iguanas
  4 sleepcaps
  8 orc wizards
  A scorpion zombie (D:5)
  7 hell rats (Lair:1)
  2 hound zombies (D:5)
  A howler monkey zombie (D:5)
  17 gnolls
  5 adders
  A shadow imp (D:8)
  2 white imps (D:5)
  2 ufetubi (D:7)
  4 worms
  2 dart slugs
  31 orcs
  4 ball pythons
  4 endoplasms
  2 giant cockroaches
  8 hobgoblins
  2 jackals (D:2)
  11 kobolds
  2 quokkas
  5 bats (D:1)
  A frilled lizard (D:3)
  7 goblins
  22 rats
242 creatures vanquished.

Notes
Turn   | Place    | Note
-------+----------+-------------------------------------------
     0 | D:1      | torrenera the Troll Monk began the quest for the Orb.
     0 | D:1      | Reached XP level 1. HP: 22/22 MP: 0/0
   119 | D:1      | Reached XP level 2. HP: 29/29 MP: 1/1
   310 | D:1      | Found a faded altar of an unknown god.
   584 | D:2      | Reached XP level 3. HP: 36/36 MP: 2/2
   670 | D:2      | Noticed Sigmund
   683 | D:2      | Killed Sigmund
   684 | D:2      | Reached XP level 4. HP: 42/44 MP: 3/3
   684 | D:2      | Reached XP level 5. HP: 48/50 MP: 4/4
  1416 | D:3      | Found a burning altar of Makhleb.
  1447 | D:3      | Found a sacrificial altar of Ru.
  1486 | D:3      | Found a hide-covered altar of Uskayaw.
  1556 | D:3      | Noticed Natasha
  1561 | D:3      | Killed Natasha
  1562 | D:3      | Reached XP level 6. HP: 56/59 MP: 5/5
  1635 | D:3      | Became a worshipper of Makhleb the Destroyer
  1635 | D:3      | Reached * piety under Makhleb
  1635 | D:3      | Reached ** piety under Makhleb
  1973 | D:3      | Noticed Natasha
  1978 | D:3      | Killed Natasha
  2146 | D:4      | Noticed an ice beast
  2154 | D:4      | Killed an ice beast
  2174 | D:4      | Found a blossoming altar of Fedhas.
  2180 | D:4      | Found an ornate altar of the Wu Jian Council.
  2237 | D:4      | Noticed Pikel
  2250 | D:4      | Killed Pikel
  2251 | D:4      | Reached XP level 7. HP: 31/66 MP: 6/6
  2289 | D:4      | Found a stormy altar of Qazlal.
  2311 | D:4      | Noticed Eustachio
  2317 | D:4      | Killed Eustachio
  2318 | D:4      | Reached XP level 8. HP: 56/74 MP: 7/7
  2350 | D:4      | Reached skill level 10 in Unarmed Combat
  2357 | D:4      | Noticed an air elemental
  3055 | D:5      | Entered Level 5 of the Dungeon
  3170 | D:5      | Found a basalt altar of Yredelemnul.
  3174 | D:5      | Noticed Menkaure
  3179 | D:5      | Killed Menkaure
  3180 | D:5      | Reached skill level 5 in Fighting
  3482 | D:5      | Reached XP level 9. HP: 85/89 MP: 8/8
  3492 | D:5      | Reached *** piety under Makhleb
  3759 | D:5      | Found a staircase to the Ecumenical Temple.
  4119 | D:6      | Identified the +1 whip "Cimenov" {freeze, +Blink Fly Int-5}
  4271 | D:6      | Found a shimmering altar of Xom.
  4444 | D:6      | Found a shimmering blue altar of Sif Muna.
  4890 | D:7      | Found an iron altar of Okawaru.
  5040 | D:7      | Found a flagged portal.
  5302 | D:7      | Noticed Joseph
  5310 | D:7      | Paralysed by Joseph for 4 turns
  5317 | D:7      | Killed Joseph
  5318 | D:7      | Reached XP level 10. HP: 48/107 MP: 9/9
  5706 | D:8      | Found a glowing golden altar of the Shining One.
  5783 | D:8      | Reached skill level 10 in Fighting
  5846 | D:8      | Reached **** piety under Makhleb
  5898 | D:8      | Found a sparkling altar of Nemelex Xobeh.
  6056 | D:8      | Found a staircase to the Lair.
  6406 | Lair:1   | Entered Level 1 of the Lair of Beasts
  6489 | D:8      | Reached skill level 5 in Dodging
  6602 | Lair:1   | Identified the +9 war axe of the Three Leylines {speed,
                  | rN++}
  6701 | Lair:1   | Noticed Jeremiah
  7058 | D:9      | Reached XP level 11. HP: 102/117 MP: 10/10
  7080 | D:9      | HP: 1/117 [red devil/+0 trident (16)]
  7080 | D:9      | Slain by a hellwing

Illustrated notes

Levels and vault maps discovered:
D:1:      saegor_arrival_miasma, layout_rooms,
          hellmonk_ecumenical_altar_blasted, dreamdust_mushroom_princess
D:2:      layout_basic, minmay_rat_hole, uniq_sigmund
D:3:      layout_loops_ring, mainiacjoe_overflow_chevrons, lemuel_tele_altar,
          nicolae_uskayaw_murder_on_the_dancefloor, nrook_mini_backslash,
          minmay_crystal_room, uniq_natasha
D:4:      layout_basic, nicolae_qazlal_style_of_elements,
          nzn_wu_jian_contemplation, overflow_temple_1_default, uniq_pikel,
          uniq_eustachio
D:5:      cheibrodos_two_vegetables, layout_basic,
          nicolae_yredelemnul_corpse_copse, lemuel_temple_firewalk_a,
          minmay_joined_circles, uniq_menkaure
D:6:      layout_basic, kennysheep_mini_moat, nicolae_overflow_crystal_walls
D:7:      layout_cave_pools, kennysheep_okawaru_gauntlet, enter_bailey_1,
          kennysheep_doodads, uniq_joseph
D:8:      layout_loops_ring, general_overflow_altar, tso_oasis_becter,
          erik_lair_orcish_takeover
D:9:      layout_loops_cross, nicolae_where_there's_smoke
Lair:1:   dreamdust_isle_of_ice, layout_cave_pods, uniq_jeremiah

Skill      XL: |  1  2  3  4  5  6  7  8  9 10 |
---------------+-------------------------------+-----
Unarmed Combat | 6 9 10 | 10.0
Fighting       | 6 9 10 | 10.0
Dodging        | 7 |  7.5
Invocations    | |  0.3

Action                     |  1- 3 |  4- 6 |  7- 9 | 10-12 || total
---------------------------+-------+-------+-------+-------++-------
  Melee: Unarmed           |    83 |    81 |   255 |   222 ||   641
  Throw: Large rock        |       |       |       |    14 ||    14
 Invoke: Lesser Servant of |       |       |     1 |       ||     1
  Evoke: Wand              |       |       |       |     1 ||     1
    Use: Scroll            |       |       |       |    15 ||    15
         Potion            |       |       |       |     7 ||     7
 Armour: Robe              |    43 |    38 |   151 |   148 ||   380
  Dodge: Dodged            |    44 |    33 |   189 |   222 ||   488

Table legend: (Time is in decaauts)
 A = Elapsed time spent in this place.
 B = Non-inter-level travel time spent in this place.
 C = Inter-level travel time spent in this place.
 D = Time resting spent in this place.
 E = Time spent auto-exploring this place.
 F = Levels seen in this place.
 G = Mean time per level.
                   A        B        C        D        E       F      G
               +--------+--------+--------+--------+--------+-----+--------+
         Total |   6993 |   6684 |    309 |    538 |   4432 |  10 |  699.3 |
       Dungeon |   6692 |   6383 |    309 |    487 |   4318 |   9 |  743.6 |
          Lair |    300 |    300 |      0 |     51 |    114 |   1 |  300.0 |
               +--------+--------+--------+--------+--------+-----+--------+

Top non-repeatable levels by time:
     D:4: 1045 daAuts
     D:5: 1031 daAuts
     D:8: 1026 daAuts
     D:7: 835 daAuts
     D:2: 824 daAuts
     D:3: 699 daAuts
     D:6: 582 daAuts
     D:1: 462 daAuts
  Lair:1: 300 daAuts
     D:9: 186 daAuts
